 Dungeon Sprint DCSS version 0.20-a0-1088-gd50b1d5 (webtiles) character file.

206 Dipster the Fighter (level 8, -1/83 HPs)
             Began as a Pale Draconian Fighter on May 2, 2017.
             Was an Initiate of Gozag.
             Slain by the 27-headed Lernaean hydra (4 damage)
             ... in the Dungeon (Sprint VI: "Thunderdome").
             The game lasted 00:08:35 (543 turns).

Dipster the Fighter (Pale Draconian Fighter)         Turns: 543, Time: 00:08:36

Health: -1/83      AC: 10    Str: 20    XL:     8   Next: 11%
Magic:  0/8        EV: 19    Int: 19    God:    Gozag
Gold:   36         SH:  0    Dex: 15    Spells: 7/7 levels left

rFire    + . .     SeeInvis .   a - +0 war axe
rCold    . . .     Gourm    .   (no shield)
rNeg     . . .     Faith    .   (armour unavailable)
rPois    .         Spirit   +   (helmet restricted)
rElec    .         Reflect  .   (no cloak)
rCorr    .         Harm     .   s - +0 pair of gloves of the Harp {Int+5} (curse)
MR       .....     NoTele   +   (no boots)
Stlth    ++........             c - amulet "Ofaith" {Spirit rF+ Str-3 Int+5 Dex+2}
Regen    0.3/turn               f - ring of Sisosch {AC+3 Str+2 Dex+3}
MPRegen  0.2/turn               t - ring of Ymalazief {Wiz Stlth+}

@: no status effects
A: breathe steam, unfitting armour, cold-blooded, AC +6
a: Breathe Steam, Potion Petition, Call Merchant, Bribe Branch, Renounce
Religion


You were in the Dungeon.
You worshipped Gozag.
Gozag was noncommittal.
You were not hungry.

You visited 1 branch You collected 1654 gold pieces.
You spent 1618 gold pieces at shops.

Inventory:

Hand Weapons
 a - a +0 war axe (weapon)
Missiles
 r - 4 stones (quivered)
Armour
 n - a +0 shield
 o - the -3 pair of boots "Exewkeiwn" {Int+4}
   (You bought it in a shop in the Dungeon)

   It affects your intelligence (+4).
 s - the cursed +0 pair of gloves of the Harp (worn) {Int+5}
   (You bought it in a shop in the Dungeon)

   It affects your intelligence (+5).
   It has a curse placed upon it.
Jewellery
 c - the amulet "Ofaith" (around neck) {Spirit rF+ Str-3 Int+5 Dex+2}
   (You bought it in a shop in the Dungeon)

   [amulet of guardian spirit]

   It causes incoming damage to be split between your health and magic.
   It affects your strength (-3).
   It affects your intelligence (+5).
   It affects your dexterity (+2).
   It protects you from fire.
 e - the cursed ring "Ceisil" {rElec EV-3 Int+2}
   (You bought it in a shop in the Dungeon)

   [ring of evasion]

   It affects your evasion (-3).
   It affects your intelligence (+2).
   It insulates you from electricity.
   It has a curse placed upon it.
 f - the ring of Sisosch (left hand) {AC+3 Str+2 Dex+3}
   (You bought it in a shop in the Dungeon)

   [ring of protection]

   It affects your AC (+3).
   It affects your strength (+2).
   It affects your dexterity (+3).
 t - the ring of Ymalazief (right hand) {Wiz Stlth+}
   (You bought it in a shop in the Dungeon)

   [ring of wizardry]

   It improves your spell success rate.
   It makes you more stealthy.
Wands
 k - a wand of acid (3/15)
 l - a wand of iceblast (0/15)
Scrolls
 j - 7 scrolls of blinking
 m - 2 scrolls of fog
Potions
 b - a potion of resistance
 g - 2 potions of haste
 h - 2 potions of magic
 i - a potion of berserk rage
 p - 8 potions of heal wounds
 q - 3 potions of curing
Comestibles
 d - a bread ration


   Skills:
 - Level 11.6 Fighting
 + Level 10.4 Axes
 + Level 0.1 Throwing
 + Level 9.8 Dodging
 - Level 3.2 Shields
 + Level 0.0 Evocations


You had 7 spell levels left.
You didn't know any spells.

Dungeon Overview and Level Annotations

Branches:
Dungeon (1/1)

Altars:
Cheibriados
Dithmenos
Fedhas
Gozag
Kikubaaqudgha
Makhleb
Okawaru
Qazlal
Ru
Sif Muna
Trog
Uskayaw
Vehumet
Wu Jian
Xom
Yredelemnul
Zin
The Shining One
Beogh
Jiyva
Lugonu

Shops:
D *[%??*?*:[((!!!!

Annotations:
D Lernaean hydra


Innate Abilities, Weirdness & Mutations

You can breathe blasts of scalding, opaque steam.
Your pale cyan-grey scales are hard. (AC +6)
You cannot fit into any form of body armour.
You are cold-blooded and may be slowed by cold attacks.


Message History

You feel better. The shadow hits you!
The 27-headed Lernaean hydra completely misses you.
The 27-headed Lernaean hydra barely misses you.
The 27-headed Lernaean hydra bites you.
The 27-headed Lernaean hydra bites you but does no damage. x2
The 27-headed Lernaean hydra barely misses you.
The 27-headed Lernaean hydra bites you!
The 27-headed Lernaean hydra closely misses you.
The 27-headed Lernaean hydra bites you! x2
* * * LOW HITPOINT WARNING * * *
The 27-headed Lernaean hydra misses you.
The 27-headed Lernaean hydra bites you but does no damage.
The 27-headed Lernaean hydra misses you.
The 27-headed Lernaean hydra bites you!
* * * LOW HITPOINT WARNING * * *
The 27-headed Lernaean hydra bites you.
* * * LOW HITPOINT WARNING * * *
The 27-headed Lernaean hydra bites you.
You die...
Your body crumbles into a pile of gold.

##.....## ##∩.....∩##
#∩.......∩# #_........#
#_.$....._# #_.(.t..._#
###.........###
#⌠.......$kD.⌠#
######.8.......W@8.######
#∩___....($###......__.∩##
∩........8(# #.8........∩###
.).........###.............##
...)...)###...###..........⌠#
........# #.<.# #..........⌠#
.....)..###...###..........⌠#
...........###.............##
∩).....).8$# #.8........∩###


You could see the 27-headed Lernaean hydra, an alligator, a swamp drake and a
shadow.

Vanquished Creatures
  2 jumping spiders (D)
  Sigmund (D)
  A redback (D)
  A tarantella (D)
  A porcupine (D)
  Purgy (D)
  Jessica (D)
  A river rat (D)
  A bat skeleton (D)
  A quokka (D)
  8 kobolds (D)
  2 rats (D)
21 creatures vanquished.

Notes
Turn   | Place    | Note
-------+----------+-------------------------------------------
     0 | D        | Dipster the Draconian Fighter began the quest for the Orb.
     0 | D        | Reached XP level 1. HP: 19/19 MP: 1/1
     5 | D        | Round 1.
     7 | D        | Found a blossoming altar of Fedhas.
     7 | D        | Found a shadowy altar of Dithmenos.
    12 | D        | Found an ornate altar of the Wu Jian Council.
    12 | D        | Found a corrupted altar of Lugonu.
    13 | D        | Found a roughly hewn altar of Beogh.
    13 | D        | Found a sacrificial altar of Ru.
    14 | D        | Found an ancient bone altar of Kikubaaqudgha.
    15 | D        | Found a shimmering altar of Xom.
    15 | D        | Found a glowing golden altar of the Shining One.
    15 | D        | Found Osasel's Staff Store.
    15 | D        | Found Niuwon's Magic Scroll Shop.
    17 | D        | Found Isaegen's Distillery.
    17 | D        | Found a hide-covered altar of Uskayaw.
    17 | D        | Found a snail-covered altar of Cheibriados.
    17 | D        | Found a glowing silver altar of Zin.
    17 | D        | Found Asiong's Do-It-Yourself Clinic.
    18 | D        | Found Sowiutic's Distillery.
    18 | D        | Found Vyprogh's Bottled Wisdom.
    21 | D        | Found Dahel's Must-Have Magic.
    21 | D        | Found Naolloca's Magic Scroll Shop.
    24 | D        | Found a viscous altar of Jiyva.
    25 | D        | Found a basalt altar of Yredelemnul.
    26 | D        | Found a stormy altar of Qazlal.
    27 | D        | Found Opiq's Bee Food.
    27 | D        | Found a bloodstained altar of Trog.
    27 | D        | Found a burning altar of Makhleb.
    27 | D        | Found Xunwud's Identification Station.
    28 | D        | Found Leusex's Jewellery.
    28 | D        | Found Zumawk's Advanced Armour.
    32 | D        | Found an opulent altar of Gozag.
    34 | D        | Found a radiant altar of Vehumet.
    34 | D        | Found an iron altar of Okawaru.
    34 | D        | Found a deep blue altar of Sif Muna.
    34 | D        | Found Bimuhut's Premium Goods.
    34 | D        | Found Uwniecw's Weapon Rack.
    35 | D        | Found Noewun's Miscellaneous Merchandise.
    35 | D        | Found Fianui Vyler's Basic Armour.
    42 | D        | Became a worshipper of Gozag Ym Sagoz the Greedy
    70 | D        | Noticed Jessica
    74 | D        | Killed Jessica
    74 | D        | Reached skill level 5 in Fighting
    74 | D        | Reached XP level 2. HP: 25/29 MP: 2/2
   116 | D        | Noticed Sigmund
   137 | D        | Killed Sigmund
   137 | D        | Reached skill level 7 in Fighting
   137 | D        | Reached XP level 3. HP: 31/40 MP: 3/3
   137 | D        | Reached XP level 4. HP: 37/48 MP: 4/4
   137 | D        | Reached XP level 5. HP: 41/53 MP: 5/5
   140 | D        | Noticed Terence
   141 | D        | Arena points: 5 (+5) [x1]
   150 | D        | Bought a faintly glowing diamond amulet for 45 gold pieces
   150 | D        | Bought a scintillating bone ring for 45 gold pieces
   150 | D        | Bought a shimmering amber ring for 45 gold pieces
   156 | D        | Round 2.
   157 | D        | Noticed Purgy
   157 | D        | Bought 3 scrolls of identify for 150 gold pieces
   157 | D        | Identified the amulet "Ofaith" {Spirit rF+ Str-3 Int+5 Dex+2} (You bought it in a shop in the Dungeon)
   159 | D        | Identified the ring of Sisosch {AC+3 Str+2 Dex+3} (You bought it in a shop in the Dungeon)
   161 | D        | Identified the cursed ring "Ceisil" {rElec EV-3 Int+2} (You bought it in a shop in the Dungeon)
   164 | D        | Noticed a porcupine
   174 | D        | Killed Purgy
   174 | D        | Reached skill level 8 in Fighting
   174 | D        | Reached XP level 6. HP: 39/62 MP: 0/6
   175 | D        | Killed a porcupine
   175 | D        | Reached skill level 9 in Fighting
   178 | D        | Arena points: 33 (+28) [x2]
   191 | D        | Bought a pair of pitted boots for 332 gold pieces
   196 | D        | Identified the -3 pair of boots "Exewkeiwn" {Int+4} (You bought it in a shop in the Dungeon)
   258 | D        | Round 3.
   268 | D        | Noticed a jumping spider
   283 | D        | Noticed a jumping spider
   292 | D        | Noticed a redback
   296 | D        | Killed a jumping spider
   296 | D        | Reached skill level 10 in Fighting
   296 | D        | Your scales start taking on a pale cyan-grey colour.
   296 | D        | Reached XP level 7. HP: 36/73 MP: 3/7
   297 | D        | Noticed a tarantella
   299 | D        | Killed a redback
   306 | D        | Noticed a jumping spider
   316 | D        | Killed a tarantella
   316 | D        | Reached skill level 11 in Fighting
   316 | D        | Reached skill level 10 in Axes
   321 | D        | Noticed a jumping spider
   333 | D        | Killed a jumping spider
   333 | D        | Reached XP level 8. HP: 21/83 MP: 4/8
   341 | D        | Arena points: 78 (+45) [x3]
   349 | D        | Bought 3 potions of heal wounds for 105 gold pieces
   349 | D        | Bought 3 potions of heal wounds for 105 gold pieces
   349 | D        | Bought 3 potions of heal wounds for 105 gold pieces
   349 | D        | Bought 4 potions of curing for 84 gold pieces
   358 | D        | Round 4.
   460 | D        | Arena points: 206 (+128) [x4]
   487 | D        | Bought a pair of spiked gloves for 332 gold pieces
   492 | D        | Identified the cursed +0 pair of gloves of the Harp {Int+5} (You bought it in a shop in the Dungeon)
   493 | D        | Round 5.
   498 | D        | Bought a pitted steel ring for 45 gold pieces
   498 | D        | Identified the ring of Ymalazief {Wiz Stlth+} (You bought it in a shop in the Dungeon)
   509 | D        | Noticed the 27-headed Lernaean hydra
   516 | D        | Noticed an alligator
   533 | D        | Bought 3 scrolls of blinking for 225 gold pieces
   543 | D        | HP: 3/83 [the 27-headed Lernaean hydra (2)]
   543 | D        | Slain by the 27-headed Lernaean hydra

Vault maps used:
D:        arena_sprint

Skill      XL: |  1  2  3  4  5  6  7 |
---------------+----------------------+-----
Fighting       | 5 7 8 10 11 | 11.6
Axes           | 3 6 7 9 10 | 10.4
Dodging        | 4 6 7 8 9 |  9.8
Throwing       | |  0.1
Shields        | |  3.2

Action                   |  1- 3 |  4- 6 |  7- 9 || total
-------------------------+-------+-------+-------++-------
Melee: War axe           |    22 |    28 |    28 ||    78
       Tailslap          |       |     7 |     8 ||    15
Throw: Stone             |       |       |    12 ||    12
Invok: Potion Petition   |       |     1 |       ||     1
Evoke: Wand              |       |       |     7 ||     7
  Use: Potion            |     6 |     2 |     2 ||    10
       Scroll            |     1 |     3 |       ||     4
Armor: Skin              |     3 |    13 |     9 ||    25
Dodge: Dodged            |    11 |    50 |    45 ||   106
